 Dungeon Crawl Stone Soup version 0.21.1-1-g345015f (webtiles) character file.

160 Goblin1989 the Insei (level 5, -3/38 HPs)
             Began as a Demonspawn Transmuter on Mar 2, 2018.
             Killed by divine providence
             ... invoked by an orc priest
              (12 damage)
             ... on level 4 of the Dungeon.
             The game lasted 00:09:41 (2914 turns).

Goblin1989 the Insei (Demonspawn Transmuter)        Turns: 2914, Time: 00:09:42

Health: -3/38      AC:  8    Str: 14      XL:     5   Next: 17%
Magic:  9/9        EV: 16    Int: 13 (14) God:
Gold:   92         SH:  0    Dex: 18      Spells: 8/9 levels left

rFire    . . .     SeeInvis .     - Unarmed
rCold    . . .     Gourm    .   (no shield)
rNeg     . . .     Faith    .   b - +0 robe
rPois    .         Spirit   .   (no helmet)
rElec    .         Reflect  .   (no cloak)
rCorr    .         Harm     .   (no gloves)
MR       .....     Clarity  +   (boots unavailable)
Stlth    +.........             (no amulet)
HPRegen  0.12/turn              y - +5 ring of dexterity
MPRegen  0.11/turn              x - +3 ring of evasion

@: sanguine armour, very slightly contaminated
A: hooves 3, clarity, deterioration 1, strong 1, sanguine armour 1
a: no special abilities


You were on level 4 of the Dungeon.
You were not hungry.

You visited 1 branch of the dungeon, and saw 4 of its levels.

You collected 92 gold pieces.

Inventory:

Hand Weapons
 w - a +0 hunting sling
Missiles
 a - 57 arrows
 m - 74 stones
 z - 8 javelins (quivered)
 Z - a throwing net {!d}
Armour
 b - a +0 robe (worn)
 k - a +0 ring mail
 K - a +1 pair of gloves
 Y - a +0 scale mail
Jewellery
 j - an uncursed ring of positive energy
 x - a +3 ring of evasion (right hand)
 y - a +5 ring of dexterity (left hand)
Wands
 I - a wand of iceblast (8)
Scrolls
 f - a scroll of enchant armour
 B - a scroll of blinking
Potions
 o - a potion of flight
 p - 2 potions of haste {@q3, !q}
Books
 c - a book of Changes

   Spells                             Type                      Level
   a - Beastly Appendage              Transmutation                1
   b - Sticks to Snakes               Transmutation                2
   c - Spider Form                    Transmutation/Poison         3
   d - Ice Form                       Ice/Transmutation            4
   e - Blade Hands                    Transmutation                5
 t - a book of Misfortune

   Spells                             Type                      Level
   a - Confusing Touch                Hexes                        1
   b - Confuse                        Hexes                        3
   c - Gell's Gravitas                Translocation                3
   d - Petrify                        Transmutation/Earth          4
   e - Metabolic Englaciation         Hexes/Ice                    5
   f - Yara's Violent Unravelling     Hexes/Transmutation          5
Comestibles
 e - 6 rations


   Skills:
 + Level 2.1 Fighting
 + Level 2.5 Dodging
 * Level 3.8 Unarmed Combat
 + Level 2.6 Spellcasting
 + Level 2.5 Transmutations


You had 8 spell levels left.
You knew the following spells:

 Your Spells              Type           Power        Failure   Level  Hunger
a - Beastly Appendage     Tmut           #.....       9%          1    #......


Dungeon Overview and Level Annotations

Branches:
Dungeon (4/15)
 Temple: D:4-7

Altars:

Annotations:
D:3 appiemonkey's ghost, amateur DENe


Innate Abilities, Weirdness & Mutations

You have hooves in place of feet.
When seriously injured, your bleeding wounds create armour. (AC +6)
You possess an exceptional clarity of mind.
Your body sometimes deteriorates upon taking damage.
Your muscles are strong. (Str +2)


Message History

You closely miss the orc priest.
The orc priest is lightly wounded.
The orc priest barely misses you.
The orc priest mumbles some strange prayers to Beogh against you.
The orc wizard writhes in agony!
The orc wizard shouts!
You hit the orc priest but do no damage.
You kick the orc priest, but do no damage.
The orc priest is lightly wounded.
You hear a shout!
The orc priest barely misses you.
You hit the orc priest.
The orc priest is heavily wounded.
The orc wizard hits you but does no damage.
The orc priest closely misses you.
You hit the orc priest.
The orc priest is heavily wounded.
The orc priest misses you.
Unknown command.
You hit the orc priest but do no damage.
You kick the orc priest, but do no damage.
The orc priest is heavily wounded.
The orc wizard barely misses you. The orc priest misses you.
You catch the helpless orc priest completely off-guard!
You hit the orc priest but do no damage.
The orc priest is heavily wounded.
The orc wizard points at you and mumbles some strange words.
The magic dart hits the orc wizard.
The orc wizard misses you.
The orc priest hits you with a short sword.
You take 3 damage, and have 27/33 hp.
You hit the orc priest but do no damage.
You kick the orc priest.
The orc priest is almost dead.
The orc wizard casts a spell at you.
The orc wizard resists with almost no effort.
The orc wizard closely misses you.
The orc priest hits you but does no damage.
You hit the orc priest but do no damage.
Your kick misses the orc priest.
The orc priest is almost dead.
The orc wizard misses you.
The orc priest hits you with a short sword.
Your blood congeals into armour.
You take 6 damage, and have 21/33 hp.
You hit the orc priest.
You kill the orc priest!
You have reached level 5!
Your demonic ancestry asserts itself...
Your feet have mutated into hooves.
The orc wizard mumbles some strange words.
The orc wizard seems to speed up.
You regained 3 hp, and now have 24/38 hp.
MP restored: 8 You punch the orc wizard!
You kill the orc wizard!
The orc wizard gestures at you while chanting.
The magic dart hits you!
You take 2 damage, and have 22/38 hp.
Unknown command.
You strike the helpless orc from behind!
You hit the orc.
The orc is heavily wounded.
You closely miss the orc.
The orc is heavily wounded.
The orc barely misses you.
You hit the orc.
You kill the orc!
You hit the orc.
You kill the orc!
You flicker for a moment.
An orc comes into view. It is wielding a club.
You hit the orc wizard.
You kill the orc wizard!
The orc shouts!
You punch the orc!
You kill the orc!
The orc priest invokes the aid of Beogh against you.
Beogh smites you!
* * * LOW HITPOINT WARNING * * *
Your body deteriorates!
You feel dopey.
You take 14 damage, and have 8/38 hp.
MASSIVE DAMAGE!!
The orc closely misses you.
Items here: ! ))) [[ †† MP restored: 9 Unknown command.
You hit the orc. Your kick misses the orc.
The orc is heavily wounded.
The orc misses you.
You hit the orc. You punch the orc, but do no damage.
The orc is almost dead.
You flicker back into view.
The orc drinks a potion.
The orc is healed!
You hit the orc priest but do no damage.
Your kick misses the orc priest.
The orc priest looks satisfied for a moment.
The orc closely misses you.
You closely miss the orc priest.
The orc priest invokes the aid of Beogh against you.
Beogh smites you!
You die... █████████████

█...........█
█.█████████.██
█.............
███████████████.██
█)).............█
█.███████████████
█@█ █oo....█
█......█ █......█
█......█ █.█████.█
███ █


You could see an orc priest and an orc.

Vanquished Creatures
  An orc priest (D:4)
  A jelly (D:2)
  2 orc wizards (D:4)
  3 adders
  A worm (D:2)
  5 orcs
  A ball python (D:3)
  4 bats
  3 giant cockroaches
  4 goblins
  4 hobgoblins
  6 jackals (D:1)
  7 kobolds
  3 frilled lizards
  6 rats
51 creatures vanquished.

Notes
Turn   | Place    | Note
-------+----------+-------------------------------------------
     0 | D:1      | Goblin1989 the Demonspawn Transmuter began the quest for the Orb.
     0 | D:1      | Reached XP level 1. HP: 15/15 MP: 3/3
   182 | D:1      | Lost mutation: You have claws for feet. [demonic ancestry]
   182 | D:1      | Lost mutation: You have razor-sharp toenails. [demonic ancestry]
   182 | D:1      | Lost mutation: You have sharp toenails. [demonic ancestry]
   182 | D:1      | Gained mutation: You have large cloven feet. [demonic ancestry]
   182 | D:1      | Reached XP level 2. HP: 4/21 MP: 3/5
   777 | D:1      | Reached skill level 3 in Unarmed Combat
  1277 | D:2      | Gained mutation: When seriously injured, your bleeding wounds create armour. (AC +6) [demonic ancestry]
  1277 | D:2      | Reached XP level 3. HP: 25/26 MP: 6/6
  1965 | D:2      | Gained mutation: You have hoof-like feet. [demonic ancestry]
  1965 | D:2      | Reached XP level 4. HP: 26/33 MP: 5/7
  2690 | D:3      | Noticed appiemonkey's ghost (amateur DENe)
  2720 | D:4      | Noticed an ogre
  2884 | D:4      | Gained mutation: Your muscles are strong. (Str +2) [potion of mutation]
  2884 | D:4      | Gained mutation: Your body sometimes deteriorates upon taking damage. [potion of mutation]
  2884 | D:4      | Gained mutation: You possess an exceptional clarity of mind. [potion of mutation]
  2901 | D:4      | Gained mutation: You have hooves in place of feet. [demonic ancestry]
  2901 | D:4      | Reached XP level 5. HP: 24/38 MP: 8/8
  2914 | D:4      | Killed from afar by an orc priest

Skill      XL: |  1  2  3  4 |
---------------+-------------+-----
Unarmed Combat | 3 |  3.8
Transmutations | 2 |  2.5
Dodging        | 2 |  2.5
Fighting       | 2 |  2.1
Spellcasting   | |  2.6

Action                   |  1- 3 |  4- 6 || total
-------------------------+-------+-------++-------
Melee: Unarmed           |    87 |    64 ||   151
       Headbutt          |     3 |       ||     3
       Kick              |    13 |    16 ||    29
       Punch             |       |     1 ||     1
 Fire: Hunting sling     |     9 |       ||     9
Throw: Tomahawk          |     5 |       ||     5
 Cast: Beastly Appendage |     5 |     2 ||     7
  Use: Scroll            |       |     8 ||     8
       Potion            |       |     3 ||     3
 Stab: Invisible         |       |     2 ||     2
  Eat: Chunk             |     3 |     3 ||     6
Armor: Robe              |    14 |     5 ||    19
Dodge: Dodged            |    50 |    54 ||   104

Vault maps used:
D:1:      roderic_octagonal_star
D:3:      first_ration, nemelex_dance_club_becter
D:4:      gup_sewer_entry_pipe, kennysheep_generic_room_12
